Map: Ascension to Aiur LE

Players

Harstem - Winner!

  • Race: Protoss Protoss
  • Spawn Location: 11:00

Allaryce

  • Race: Zerg Zerg
  • Spawn Location: 5:00

Event: WCS Montreal 2017

VOD

Have the link to the VOD?

Description

Time

  • Played on: Sept. 8, 2017, 11:24 a.m.
  • Length: 6:17

All games in this series

Show
View Real Time Build Order
Export as new Build Order

Harstem Protoss - Winner!

Build Orders: Cannon Rush 

Get SALT Encoding   

  12  0:00  Probe (Chrono Boost)  
  13  0:11  Probe (Chrono Boost)  
  14  0:17  Pylon  
  14  0:22  Probe (Chrono Boost)  
  15  0:36  Probe (Chrono Boost)  
  15  0:38  Forge  
  16  0:46  Probe (Chrono Boost)  
  18  0:57  Probe (Chrono Boost)  
  18  1:07  Probe (Chrono Boost)  
  19  1:13  Pylon  
  19  1:18  Probe (Chrono Boost)  
  20  1:32  Photon Cannon  
  20  1:33  Photon Cannon  
  20  1:36  Photon Cannon  
  20  1:39  Pylon  
  20  1:58  Gateway  
  21  2:08  Nexus  
  20  2:15  Assimilator  
  20  2:27  Probe (Chrono Boost)  
  21  2:30  Assimilator  
  21  2:39  Probe (Chrono Boost)  
  21  2:43  Pylon  
  22  2:45  Zealot (Chrono Boost)  
  22  2:47  Cybernetics Core  
  24  2:51  Probe  
  25  3:03  Probe  
  26  3:10  Zealot (Chrono Boost)  
  28  3:13  Warp Gate (Chrono Boost)  
  28  3:15  Probe  
  28  3:19  Probe  
  29  3:24  Twilight Council  
  30  3:27  Probe  
  30  3:33  Probe (Chrono Boost), Adept  
  35  3:44  Mothership Core (Chrono Boost)  
  35  3:47  Probe (Chrono Boost)  
  37  3:51  Gateway  
  37  4:01  Gateway  
  38  4:04  Resonating Glaives (Chrono Boost)  
  38  4:06  Probe  
  38  4:08  Probe  
  39  4:13  Pylon  
  39  4:18  Probe  
  42  4:33  Gateway  
  42  4:36  Dark Shrine  
  42  4:37  Gateway  
  40  4:39  Probe  
  40  4:43  Probe  
  42  4:51  Probe  
  43  4:55  Probe  
  44  5:00  Photon Cannon  
  44  5:01  Pylon  
  44  5:04  Probe (Chrono Boost)  
  45  5:15  Adept x3  
  45  5:17  Probe (Chrono Boost)  
  45  5:18  Probe (Chrono Boost)  
  53  5:28  Probe (Chrono Boost)  
  54  5:42  Adept x5  
  62  5:51  Probe (Chrono Boost)  
  57  6:02  Dark Templar  
  57  6:03  Dark Templar  
  61  6:10  Nexus  
  63  6:12  Pylon  
Show
View Real Time Build Order
Export as new Build Order

Allaryce Zerg 

Build Orders: Hatch First 

Get SALT Encoding   

  12  0:01  Drone  
  13  0:12  Overlord  
  13  0:19  Drone  
  14  0:30  Drone  
  14  0:31  Drone  
  14  0:34  Drone  
  17  0:53  Hatchery  
  17  0:56  Drone  
  17  1:00  Extractor  
  17  1:01  Drone  
  17  1:16  Spawning Pool  
  16  1:23  Drone x2  
  18  1:40  Drone x2  
  20  2:04  Queen  
  18  2:11  Drone x2  
  18  2:12  Drone  
  21  2:19  Spine Crawler  
  20  2:23  Zergling x2  
  21  2:36  Extractor, Drone  
  21  2:37  Overlord  
  21  2:47  Roach Warren  
  20  2:56  Evolution Chamber  
  19  3:07  Queen  
  21  3:34  Drone x4  
  25  4:03  Hatchery  
  24  4:17  Roach x2  
  27  4:35  Queen  
  29  5:01  Overlord x2  
  29  5:20  Roach  
  29  5:21  Roach x3  
  37  5:22  Ravager x2  
  39  5:31  Roach  
  39  5:32  Overlord  
  32  5:51  Drone x6  
  32  5:52  Drone  
  35  6:01  Drone  
  34  6:08  Ravager  
  34  6:09  Ravager  
Tags
 
Add a new tag
Caveats
  • Supply blocks, unpowered buildings, or Contaminate may cause inaccurate times.
  • Supply counts are checked every 10 seconds.